 Dungeon Crawl Stone Soup version 0.29.1-12-g30fa7ad0bf (webtiles) character file.

Game seed: 11670971614817453655

427 nachturnus the Grave Robber (level 7, -1/46 HPs)
             Began as a Human Necromancer on Dec 31, 2022.
             Was an Initiate of Hepliaklqana.
             Slain by Grinder (3 damage)
             ... on level 5 of the Dungeon.
             The game lasted 00:31:00 (6061 turns).

nachturnus the Grave Robber (Human Necromancer)     Turns: 6061, Time: 00:31:01

Health: -1/46      AC:  6    Str: 11    XL:     7   Next: 18%
Magic:  10/10      EV:  9    Int: 15    God:    Hepliaklqana [......]
Gold:   254        SH:  0    Dex: 13    Spells: 6/10 levels left

rFire   . . .      SeeInvis +   k - +0 falchion
rCold   . . .      Faith    .   (no shield)
rNeg    . . .      Spirit   .   o - +0 scale mail
rPois   .          Reflect  .   (no helmet)
rElec   .          Harm     .   (no cloak)
rCorr   .          Rampage  .   (no gloves)
Will    .....                   (no boots)
Stlth   +.........              (no amulet)
HPRegen 0.15/turn               g - ring of see invisible
MPRegen 0.12/turn               q - +4 ring of slaying

@: lethally poisoned (-1 -> -5)
A: no striking features
a: Renounce Religion


You were on level 5 of the Dungeon.
You worshipped Hepliaklqana.
Hepliaklqana was noncommittal.
You visited 2 branches of the dungeon, and saw 7 of its levels.

You collected 254 gold pieces.

Inventory:

Hand Weapons
 c - a +0 club
 k - a +0 falchion (weapon)
 l - a +0 hand axe
 s - a +0 war axe
 w - a +0 great sword
Armour
 a - a +0 robe
 i - a +0 ring mail
 o - a +0 scale mail (worn)
Jewellery
 g - a ring of see invisible (left hand)
 q - a +4 ring of slaying (right hand)
 v - a ring of poison resistance
Wands
 h - a wand of mindburst (15)
 p - a wand of roots (6)
 r - a wand of light (10)
Scrolls
 m - 2 scrolls of teleportation
 t - 2 scrolls of identify
 u - a scroll of enchant armour {unknown}
 x - a scroll of noise {unknown}
 y - a scroll of poison {unknown}
 z - a scroll of magic mapping
Potions
 b - a potion of magic
 d - a potion of heal wounds {unknown}
 e - a potion of haste {unknown}
 f - 4 potions of curing
 j - a potion of lignification {unknown}
 n - a potion of flight {unknown}


   Skills:
 * Level 3.6 Long Blades
 - Level 3.2 Axes
 + Level 3.1 Armour
 - Level 2.0 Dodging
 - Level 2.0 Stealth
 - Level 2.4 Spellcasting
 - Level 4.4 Necromancy
 - Level 1.1 Evocations


You had 6 spell levels left.
You knew the following spells:

 Your Spells              Type           Power      Damage    Failure   Level
a - Necrotise             Necr           60%        1d7       19%         1
b - Vampiric Draining     Necr           15%        2d7       50%         3

Your spell library contained the following spells:

 Spells                   Type           Power      Damage    Failure   Level
 Static Discharge         Conj/Air       1%         3-4/arc   87%         2
 Animate Dead             Necr           15%        N/A       88%         4
 Call Canine Familiar     Summ           1%         N/A       98%         3
 Gell's Gravitas          Tloc           1%         N/A       98%         3
 Lesser Beckoning         Tloc           1%         N/A       98%         3
 Portal Projectile        Hex/Tloc       2%         N/A       98%         3
 Teleport Other           Tloc           1%         N/A       98%         3
 Agony                    Necr           15%        N/A       99%         5
 Leda's Liquefaction      Hex/Erth       0%         N/A       100%        4
 Lightning Bolt           Conj/Air       0%         1d11      100%        5
 Maxwell's Capacitive Co  Air            0%         ∞         100%        8


Dungeon Overview and Level Annotations

Branches:
Dungeon (6/15)             Temple (1/1) D:4

Altars:
Ashenzari
Cheibriados
Dithmenos
Elyvilon
Fedhas
Gozag
Hepliaklqana
Kikubaaqudgha
Nemelex Xobeh
Okawaru
Qazlal
Trog
Uskayaw
Zin
The Shining One

Shops:
D:6 (

Annotations:
D:3 1 runed translucent door, Crazy Yiuf
D:5 Grinder, Ijyb


Message History

There is a stone staircase leading up here.
Grinder comes into view.
Grinder shouts!
Ijyb the Twisted Goblin comes into view.
She is wielding a +1 dagger of venom, wearing a +2 scale mail of cold resistance and carrying a wand of flame (22).
Ijyb shouts!
Grinder gestures at you.
You suddenly lose the ability to move!
You can move again.
Grinder blinks!
Ijyb screams, "Die!"
Ijyb zaps a wand.
The puff of flame hits you.
You barely miss Ijyb.
Ijyb zaps a wand.
The puff of flame hits you!
You hit Ijyb.
Ijyb is moderately wounded.
Ijyb zaps a wand.
The puff of flame misses you.
You barely miss Ijyb.
Ijyb is moderately wounded.
Grinder blinks!
Ijyb hits you but does no damage.
You are poisoned.
Ijyb attacks as you move away! Ijyb hits you but does no damage.
You feel sick.
You hit Ijyb but do no damage.
Ijyb is moderately wounded.
You feel sick. Grinder hits you. Ijyb hits you but does no damage.
You are more poisoned.
You closely miss Ijyb.
Ijyb is moderately wounded.
You feel sick. Grinder hits you!
You writhe in agony.
Ijyb zaps a wand.
The puff of flame hits you.
You closely miss Ijyb.
Ijyb is moderately wounded.
You feel sick. Grinder hits you.
* * * LOW HITPOINT WARNING * * *
You writhe in agony.
* * * LOW HITPOINT WARNING * * *
Ijyb closely misses you.
You hit Ijyb but do no damage.
Ijyb is lightly wounded.
* * * LOW HITPOINT WARNING * * *
You feel sick. Ijyb closely misses you. Grinder hits you.
You die...

#######
#.....#
#.#.###
#.#.# #
#.#g#
.#
#§#@#
..#
#g#5###
..#
#.#<..#
..#
#.#####
..# ..#
.# #


You could see Grinder and Ijyb.

Vanquished Creatures
  A phantom (D:4)
  Blork the orc (D:4)
  A necrophage (D:4)
  A scorpion (D:5)
  A hound (D:4)
  An iguana (D:4)
  3 adders
  An ufetubus (D:5)
  2 worms
  A dart slug (D:5)
  7 orcs
  10 ball pythons
  4 endoplasms
  2 giant cockroaches
  4 goblins
  9 hobgoblins
  4 kobolds
  3 quokkas
  5 bats
  3 rats (D:2)
64 creatures vanquished.

Vanquished Creatures (collateral kills)
  An adder (D:2)
1 creature vanquished.

Grand Total: 65 creatures vanquished

Notes
Turn   | Place    | Note
-------+----------+-------------------------------------------
     0 | D:1      | nachturnus the Human Necromancer began the quest for the
                  | Orb.
     0 | D:1      | Reached XP level 1. HP: 13/13 MP: 3/3
   492 | D:1      | Reached XP level 2. HP: 19/19 MP: 3/5
  1684 | D:2      | Reached XP level 3. HP: 13/24 MP: 2/6
  1840 | D:2      | Reached skill level 1 in Armour
  2476 | D:2      | Reached skill level 1 in Long Blades
  3034 | D:3      | Reached XP level 4. HP: 24/30 MP: 7/7
  3549 | D:3      | Found a runed translucent door.
  3550 | D:3      | Noticed Crazy Yiuf
  3901 | D:3      | Reached skill level 1 in Axes
  4112 | D:4      | Reached skill level 1 in Evocations
  4112 | D:4      | Reached XP level 5. HP: 34/35 MP: 5/8
  4453 | D:4      | Found a shadowy altar of Dithmenos.
  4659 | D:4      | Reached XP level 6. HP: 26/41 MP: 9/9
  4803 | D:4      | Found a staircase to the Ecumenical Temple.
  5077 | Temple   | Entered the Ecumenical Temple
  5368 | Temple   | Became a worshipper of Hepliaklqana the Forgotten
  5414 | D:5      | Entered Level 5 of the Dungeon
  5493 | D:5      | Learned a level 3 spell: Vampiric Draining
  5516 | D:5      | Noticed an ice beast
  5522 | D:5      | Noticed a water moccasin
  5537 | D:6      | Found Ylut's Antique Weapon Emporium.
  5547 | D:6      | Noticed an ice beast
  5552 | D:5      | Noticed an ogre
  5817 | D:5      | Noticed Blork the orc
  5827 | D:4      | Killed Blork the orc
  5828 | D:4      | Reached XP level 7. HP: 16/46 MP: 10/10
  6042 | D:5      | Noticed Grinder
  6042 | D:5      | Noticed Ijyb
  6043 | D:5      | Paralysed by Grinder for 2 turns
  6061 | D:5      | HP: 2/46 [poisoned by Ijyb]
  6061 | D:5      | Slain by Grinder

Illustrated notes

Levels and vault maps discovered:
D:1:      doesnt_arrival_eight_statues, layout_loops_cross
D:2:      layout_loops_ring, dreamdust_princess_bridge,
          corexii_item_surrounded_by_moat, nrook_loot_triangle
D:3:      layout_loops_ring, uniq_crazy_yiuf_cottage
D:4:      layout_rooms, grunt_dithmenos_smoke, minmay_temple_entry_crystal_x
D:5:      layout_basic, mainiacjoe_overflow_tiny_flanked,
          hangedman_decor_opposing, uniq_ijyb, uniq_blork_the_orc, uniq_grinder
D:6:      layout_rooms, serial_shops, shop, uniq_duvessa, uniq_menkaure
Temple:   minmay_temple_curvy_branch

Skill      XL: |  1  2  3  4  5  6 |
---------------+-------------------+-----
Armour         | 1 2 3 |  3.1
Long Blades    | 1 3 |  3.6
Axes           | 1 3 |  3.2
Evocations     | 1 |  1.1
Dodging        | |  2.0
Stealth        | |  2.0
Spellcasting   | |  2.4
Necromancy     | |  4.4

Action                   |  1- 3 |  4- 6 |  7- 9 || total
-------------------------+-------+-------+-------++-------
Melee: Club              |    13 |       |       ||    13
       Unarmed           |     5 |       |       ||     5
       Falchion          |    46 |    43 |     9 ||    98
       Hand axe          |     5 |       |       ||     5
       Punch             |     2 |     2 |       ||     4
       War axe           |       |    50 |       ||    50
 Cast: Necrotise         |    34 |    28 |       ||    62
  Use: Scroll            |     5 |     3 |       ||     8
Armor: Robe              |     5 |       |       ||     5
       Ring mail         |    15 |       |       ||    15
       Scale mail        |     9 |    42 |     3 ||    54
Dodge: Dodged            |    43 |    43 |     5 ||    91
